 Dungeon Crawl Stone Soup version 0.28-a0-1629-gf728b707aa (webtiles) character file.

Game seed: 4980851479159170340

62 croobank the Sneak (level 3, -4/18 HPs)
             Began as a Felid Delver on Jan 24, 2022.
             Was a Believer of Jiyva.
             Shot with an arrow by a centaur (11 damage)
             ... on level 4 of the Dungeon.
             The game lasted 00:08:57 (2336 turns).

croobank the Sneak (Felid Delver)                   Turns: 2336, Time: 00:08:58

Health: -4/18      AC:  1    Str: 10    XL:     3   Next: 85%
Magic:  4/4        EV: 18    Int: 11    God:    Jiyva [**....]
Gold:   159        SH:  0    Dex: 17    Spells: 2/2 levels left
                                        Lives:  0   Deaths: 1

rFire   . . .      SeeInvis +     - Unarmed
rCold   . . .      Faith    .   (shield unavailable)
rNeg    . . .      Spirit   .   (armour unavailable)
rPois   .          Reflect  .   (helmet unavailable)
rElec   .          Harm     .   (cloak unavailable)
rCorr   +          Rampage  .   (gloves unavailable)
Will    .....                   (boots unavailable)
Stlth   ++++......              (no amulet)
HPRegen 1.02/turn               (no ring)
MPRegen 0.39/turn               (no ring)

@: quick
A: very small, claws 1, fangs 3, see invisible, speed 1, shaggy fur 1, stealthy
paws, no weapons or thrown items, no armour, multi-lived
a: Renounce Religion


You were on level 4 of the Dungeon.
You worshipped Jiyva.
Jiyva was pleased with you.
You visited 1 branch of the dungeon, and saw 5 of its levels.

You collected 159 gold pieces.

Inventory:

Jewellery
 i - a +4 ring of evasion
Wands
 e - a wand of digging (3)
 h - a wand of flame (9)
Scrolls
 a - a scroll of fog
 b - a scroll of identify {unknown}
 c - a scroll of brand weapon {unknown}
 d - a scroll of amnesia {unknown}
 f - a scroll of blinking {unknown}
 j - a scroll of teleportation
Potions
 g - a potion of curing {unknown}
 k - a potion of ambrosia {unknown}
 l - a potion of might {unknown}


   Skills:
 + Level 3.8 Fighting
 + Level 4.0 Dodging
 + Level 7.3 Stealth
 + Level 2.9 Unarmed Combat


You had 2 spell levels left.
You didn't know any spells.
Your spell library contained the following spells:

 Spells                   Type           Power      Damage    Failure   Level
 Static Discharge         Conj/Air       0%         N/A       47%         2
 Lightning Bolt           Conj/Air       0%         1d11      100%        5
 Maxwell's Capacitive Co  Air            0%         ∞         100%        8


Dungeon Overview and Level Annotations

Branches:
Dungeon (5/15)
 Temple: D:4-7

Altars:
Trog
Wu Jian
Zin
Jiyva

Annotations:
D:2 Crazy Yiuf


Innate Abilities, Weirdness & Mutations

You have sharp claws.
You have razor-sharp teeth.
You have supernaturally acute eyesight. (SInv)
You cover ground quickly. (Speed+)
You are covered in fur. (AC +1)
Your paws help you pounce on unaware monsters.
You are incapable of wielding weapons or throwing items.
You cannot wear armour.
You gain extra lives every three experience levels.


Message History

You hear a distant slurping noise.
The kobold barely misses you.
You scratch the orc.
The orc is heavily wounded.
The orc barely misses you. The kobold hits you with a +0 dagger.
You closely miss the orc. Your bite misses the orc.
The orc is heavily wounded.
The orc misses you. The kobold hits you with a +0 dagger.
The orc completely misses you. The orc misses you.
You closely miss the orc.
The orc is heavily wounded.
The orc closely misses you.
You scratch the orc but do no damage. You bite the orc.
The orc is almost dead.
The orc misses you.
You barely miss the orc.
The orc is almost dead.
The orc closely misses you.
You scratch the orc.
You kill the orc!
Your Dodging skill increases to level 4!
You scratch the kobold.
You kill the kobold!
Items here: ( )) [ ††.
A centaur comes into view. It is wielding a +0 war axe.
The centaur shouts!
The centaur hits you with a +0 war axe!
Ouch! That really hurt!
The centaur closely misses you.
You scratch the centaur. You claw the centaur.
The centaur is moderately wounded.
The centaur completely misses you. The centaur kicks you.
The centaur unwields a +0 war axe.
The centaur wields a +0 shortbow.
The centaur shoots an arrow.
The arrow barely misses you.
As you read the scroll of fog, it crumbles to dust.
The scroll dissolves into smoke.
The centaur shoots an arrow.
The arrow hits you!
Ouch! That really hurt!
You die...

#.......#.####.#..g...........
#.......#....#.......#.#.#.#.
#####.###g####.#.#.....#...#.#
#................#######......
##.......#.####............######
......<..#.#........O......####..
##.......#.#.###.O#######..##)...
####.$#.#.#.###§§###......##....
....#.#.#...§@§c##.#....#....'
####.#.#.#...§§§.##)#....######
#.#...#.......##.#..........
#.### #.###..###.#....###... #.#
#.###..# #.#....# ##.. .
.....###.#....# ##. #...†<....#.#
+. #...........# #.
#.>O....###..# #..


You could see an ogre and a centaur.

Vanquished Creatures
  Jessica (D:2)
  Terence (D:2)
  2 adders
  A worm (D:2)
  2 dart slugs
  3 orcs
  A ball python (D:4)
  3 bats
  4 endoplasms
  A giant cockroach (D:3)
  3 goblins
  A hobgoblin (D:2)
  A jackal (D:1)
  A quokka (D:1)
  2 frilled lizards (D:1)
  3 kobolds
  4 rats
34 creatures vanquished.

Vanquished Creatures (others)
  2 adders (D:2)
  2 worms (D:2)
  An endoplasm (D:4)
  2 kobolds
  A quokka (D:2)
  2 rats (D:2)
10 creatures vanquished.

Grand Total: 44 creatures vanquished

Notes
Turn   | Place    | Note
-------+----------+-------------------------------------------
     0 | D:5      | croobank the Felid Delver began the quest for the Orb.
     0 | D:5      | Reached XP level 1. HP: 10/10 MP: 2/2
     3 | D:5      | Noticed an orc wizard
   120 | D:4      | Noticed a sky beast
   129 | D:4      | Noticed a hound
   688 | D:3      | Found a bloodstained altar of Trog.
   738 | D:2      | Reached XP level 2. HP: 14/14 MP: 3/3
   749 | D:2      | Found a runed translucent door.
   750 | D:2      | Noticed Crazy Yiuf
   847 | D:1      | Found a faded altar of an unknown god.
   864 | D:1      | Prayed at the altar of an unknown god.
   864 | D:1      | Became a worshipper of Jiyva Jadiafyu the Shapeless
   864 | D:1      | Reached * piety under Jiyva
  1487 | D:2      | Noticed Jessica
  1522 | D:2      | Killed Jessica
  1523 | D:2      | Reached skill level 7 in Stealth
  1523 | D:2      | Reached XP level 3. HP: 16/17 MP: 4/4
  1640 | D:2      | Reached XP level 4. HP: 21/21 MP: 5/5
  1778 | D:2      | Noticed Terence
  1782 | D:2      | Killed Terence
  2028 | D:2      | Slain by Crazy Yiuf
  2029 | D:2      | Reached XP level 3. HP: -5/18 MP: 4/4
  2092 | D:3      | Reached ** piety under Jiyva
  2290 | D:3      | Found a glowing silver altar of Zin.
  2290 | D:3      | Found an ornate altar of the Wu Jian Council.
  2302 | D:4      | Noticed an ogre
  2331 | D:4      | Noticed a centaur
  2336 | D:4      | Shot with an arrow by a centaur

Illustrated notes

Levels and vault maps discovered:
D:1:      arrival_zaba_pyramid, layout_basic,
          dreamdust_ecumenical_altar_statues, minmay_pentomino_r2
D:2:      layout_rooms, hangedman_decor_opposing, uniq_crazy_yiuf_cottage,
          uniq_terence, uniq_jessica
D:3:      layout_basic, overflow_temple_1_default,
          gammafunk_temple_overflow_statue, serial_aquarium,
          aquarium_bridge_long_joined [aquarium_subvault_bridge,
          aquarium_subvault_window, aquarium_subvault_wall,
          aquarium_subvault_bridge, aquarium_subvault_balcony,
          aquarium_subvault_balcony], aquarium_window_corner, aquarium_window_1,
          aquarium_window_3, aquarium_view_2c, aquarium_view_2a,
          aquarium_balcony_1b, aquarium_pool_corner
D:4:      layout_basic, grunt_temple_overflow_open, minmay_pentangle, uniq_pikel
D:5:      layout_rooms, uniq_edmund

Skill      XL: |  1  2  3 |
---------------+----------+-----
Dodging        | 3 4 |  4.0
Stealth        | 7 |  7.3
Fighting       | |  3.8
Unarmed Combat | |  2.9

Action                   |  1- 3 |  4- 6 || total
-------------------------+-------+-------++-------
Melee: Unarmed           |    92 |     3 ||    95
       Bite              |     9 |       ||     9
       Punch             |     3 |       ||     3
  Use: Scroll            |     4 |       ||     4
       Potion            |     1 |       ||     1
 Stab: Sleeping          |    11 |     1 ||    12
       Distracted        |     1 |       ||     1
Armor: Skin              |     6 |       ||     6
Dodge: Dodged            |    89 |     1 ||    90

Table legend: (Time is in decaauts)
 A = Elapsed time spent in this place.
 B = Non-inter-level travel time spent in this place.
 C = Inter-level travel time spent in this place.
 D = Time resting spent in this place.
 E = Time spent auto-exploring this place.
 F = Levels seen in this place.
 G = Mean time per level.
                   A        B        C        D        E       F      G
               +--------+--------+--------+--------+--------+-----+--------+
         Total |   1988 |   1954 |     34 |    459 |    951 |   5 |  397.6 |
       Dungeon |   1988 |   1954 |     34 |    459 |    951 |   5 |  397.6 |
               +--------+--------+--------+--------+--------+-----+--------+

Top non-repeatable levels by time:
     D:1: 568 daAuts
     D:2: 537 daAuts
     D:3: 467 daAuts
     D:5: 293 daAuts
     D:4: 121 daAuts
